Map: [ESL] Babylon

Players

Kas

  • Race: Terran Terran
  • Spawn Location: 11:00

Harstem - Winner!

  • Race: Protoss Protoss
  • Spawn Location: 5:00

Event: ESL SC2 Masters 2023 Summer (Regionals)

VOD

Have the link to the VOD?

Description

Time

  • Played on: May 2, 2023, 10:27 a.m.
  • Length: 12:35

All games in this series

Show
View Real Time Build Order
Export as new Build Order

Kas Terran 

Build Orders:  

Get SALT Encoding   

  12  0:00  SCV  
  13  0:12  SCV  
  14  0:16  Supply Depot  
  14  0:24  SCV  
  15  0:38  SCV  
  15  0:40  Barracks  
  16  0:44  Refinery  
  16  0:50  SCV  
  17  1:02  SCV  
  18  1:14  SCV  
  19  1:28  Marine, Orbital Command  
  20  1:44  Command Center  
  20  1:46  Barracks Reactor  
  20  1:51  Supply Depot  
  20  1:55  SCV  
  21  2:07  SCV  
  22  2:09  Factory  
  22  2:18  Refinery  
  22  2:19  SCV  
  23  2:23  Marine x2  
  25  2:31  SCV  
  26  2:41  Marine x2  
  26  2:44  SCV  
  29  2:54  Widow Mine  
  29  2:55  Starport  
  29  2:56  SCV  
  32  2:59  Marine x2  
  32  3:03  Orbital Command  
  34  3:08  SCV  
  35  3:16  Widow Mine  
  35  3:17  Marine x2  
  39  3:20  SCV  
  39  3:26  Supply Depot  
  40  3:28  SCV  
  40  3:31  Medivac  
  40  3:32  SCV  
  44  3:37  Widow Mine  
  46  3:47  SCV x2  
  46  3:48  Supply Depot  
  48  3:49  Marine x2  
  50  3:56  Supply Depot  
  50  3:59  SCV x2, Factory Tech Lab  
  52  4:08  Marine x2  
  52  4:09  Liberator  
  57  4:11  SCV x2  
  57  4:12  Supply Depot  
  59  4:17  Siege Tank  
  59  4:24  SCV x2  
  64  4:26  Marine  
  64  4:27  Marine  
  66  4:36  SCV x2  
  68  4:44  Marine  
  68  4:45  Marine  
  69  4:48  SCV  
  69  4:49  Siege Tank  
  69  4:52  Viking, Command Center  
  76  4:53  SCV  
  77  5:01  SCV  
  78  5:07  Supply Depot  
  78  5:08  Supply Depot  
  78  5:10  Marine x2, SCV  
  78  5:13  SCV  
  82  5:19  Barracks  
  82  5:21  Barracks, Refinery  
  82  5:22  SCV, Refinery  
  82  5:24  Starport Reactor  
  82  5:25  SCV  
  82  5:28  Marine x2  
  86  5:34  SCV, Siege Tank  
  90  5:37  SCV  
  90  5:41  Engineering Bay  
  91  5:47  SCV  
  91  5:48  Marine, Supply Depot  
  91  5:49  Supply Depot  
  93  5:50  SCV  
  91  6:07  Marine x2  
  91  6:11  Siege Tank  
  91  6:13  Barracks Tech Lab x2, Orbital Command  
  91  6:14  Viking x2  
  91  6:16  SCV  
  91  6:18  SCV  
  92  6:21  Terran Infantry Weapons Level 1  
  92  6:25  Missile Turret  
  92  6:26  Missile Turret  
  92  6:28  SCV, Marine  
  92  6:29  Marine  
  92  6:31  SCV  
  92  6:32  Orbital Command  
  96  6:33  Stimpack  
  96  6:36  Combat Shield  
  96  6:45  Marauder  
  96  6:46  SCV, Siege Tank  
  102  6:50  Marine x2  
  102  6:51  Marauder, SCV  
  107  6:55  Viking  
  107  6:57  SCV  
  107  6:58  SCV  
  110  7:04  SCV  
  110  7:06  Marauder  
  110  7:08  Marine x2  
  107  7:19  Marauder  
  107  7:22  Siege Tank, Medivac  
  112  7:23  SCV  
  112  7:28  Marauder  
  112  7:29  Barracks  
  116  7:32  SCV  
  116  7:33  Barracks  
  116  7:35  SCV  
  116  7:36  Marine, Supply Depot  
  119  7:40  Marauder  
  119  7:41  SCV  
  121  7:44  SCV  
  121  7:45  Missile Turret  
  121  7:48  SCV, Marine  
  121  7:49  Marauder  
  126  7:53  SCV  
  126  7:54  Marine  
  126  7:55  Concussive Shells, Medivac x2  
  126  7:56  SCV  
  133  8:00  SCV  
  133  8:01  Supply Depot  
  133  8:05  Refinery  
  134  8:06  SCV, Factory Reactor  
  134  8:09  SCV  
  134  8:11  Supply Depot  
  133  8:15  Marine  
  133  8:16  Marine, Marauder x2  
  133  8:17  Marine  
  130  8:31  SCV  
  130  8:33  Marine  
  132  8:37  Marauder x2  
  132  8:40  Medivac x2  
  140  8:41  Barracks Reactor  
  140  8:42  Marine  
  140  8:45  SCV  
  140  8:47  Widow Mine x2  
  146  8:49  SCV x2, Supply Depot  
  146  8:50  Supply Depot  
  146  8:51  Marine  
  149  8:56  Ghost Academy  
  149  8:58  SCV, Marauder, Refinery  
  149  8:59  Marauder, Supply Depot  
  154  9:03  SCV x2  
  154  9:08  Marauder, Supply Depot  
  154  9:09  Supply Depot  
  145  9:20  SCV  
  144  9:30  SCV  
  141  9:37  Marine x2, Marauder  
  141  9:38  Marauder  
  147  9:39  SCV, Bunker  
  147  9:41  Marine x2, Marauder  
  147  9:42  Widow Mine x2, Medivac  
  158  9:47  SCV  
  159  9:54  Barracks  
  159  9:55  Marine  
  159  9:56  Armory  
  159  9:57  SCV  
  159  9:58  Engineering Bay, Command Center  
  159  9:59  Marauder x2, Barracks  
  165  10:00  Barracks  
  165  10:01  Medivac  
  165  10:02  Marauder  
  165  10:05  Marine  
  165  10:07  Marine x2  
  172  10:20  Marauder x2  
  176  10:23  Marine x2  
  176  10:24  Marauder, Widow Mine x2  
  184  10:31  Marine x2  
  184  10:32  Medivac x2  
  184  10:33  SCV  
  190  10:42  Marauder x2  
  187  10:45  Marauder  
  149  10:57  Marine x2  
  149  11:02  Orbital Command  
  149  11:03  Marauder x2  
  149  11:04  Marine  
  145  11:06  Marine x2, Marauder  
  145  11:07  Marine  
  129  11:14  Marine  
  129  11:15  Marine  
  129  11:16  Orbital Command  
  123  11:24  Marauder x2  
  120  11:28  Marauder  
  121  11:36  Marine x7  
  128  11:45  Ghost x2  
  110  11:49  Marine  
  106  12:08  Marine  
Show
View Real Time Build Order
Export as new Build Order

Harstem Protoss - Winner!

Build Orders: 1 Gate Expand, Phoenix Opening, Colossus Rush 

Get SALT Encoding   

  12  0:00  Probe  
  13  0:12  Probe  
  14  0:18  Pylon  
  14  0:24  Probe  
  15  0:36  Gateway  
  15  0:37  Probe (Chrono Boost)  
  16  0:46  Probe (Chrono Boost)  
  16  0:47  Assimilator  
  17  0:51  Probe (Chrono Boost)  
  18  1:03  Probe  
  19  1:15  Probe  
  20  1:23  Cybernetics Core  
  20  1:35  Nexus  
  20  1:44  Pylon  
  20  1:46  Probe  
  21  1:51  Assimilator  
  21  1:58  Probe  
  21  1:59  Adept (Chrono Boost)  
  24  2:10  Probe  
  25  2:17  Stargate  
  25  2:22  Probe (Chrono Boost)  
  26  2:23  Adept  
  28  2:33  Probe (Chrono Boost)  
  28  2:34  Warp Gate  
  29  2:38  Probe (Chrono Boost)  
  30  2:47  Probe (Chrono Boost)  
  32  2:54  Probe (Chrono Boost)  
  32  2:56  Probe (Chrono Boost)  
  33  3:01  Phoenix, Probe x2 (Chrono Boost)  
  37  3:09  Pylon  
  37  3:13  Robotics Facility  
  37  3:15  Probe (Chrono Boost)  
  37  3:16  Probe (Chrono Boost)  
  39  3:25  Assimilator, Probe (Chrono Boost)  
  41  3:28  Probe (Chrono Boost)  
  41  3:30  Phoenix, Probe (Chrono Boost)  
  44  3:37  Assimilator, Probe  
  45  3:41  Probe  
  46  3:49  Probe  
  46  3:50  Pylon  
  46  3:53  Probe  
  48  4:01  Probe  
  48  4:02  Robotics Bay  
  49  4:05  Probe  
  50  4:11  Observer (Chrono Boost)  
  50  4:13  Probe  
  52  4:17  Phoenix, Probe  
  52  4:18  Gateway  
  52  4:22  Pylon  
  55  4:24  Immortal (Chrono Boost)  
  55  4:25  Probe  
  55  4:30  Pylon  
  60  4:36  Sentry  
  62  4:47  Nexus  
  62  4:50  Probe x2  
  64  5:00  Stalker  
  64  5:03  Colossus (Chrono Boost)  
  64  5:06  Probe  
  73  5:07  Probe  
  73  5:11  Pylon  
  74  5:18  Extended Thermal Lance, Probe  
  75  5:23  Probe  
  75  5:25  Shield Battery  
  76  5:30  Probe  
  76  5:35  Probe  
  78  5:36  Pylon  
  78  5:37  Stalker x2  
  78  5:42  Probe  
  83  5:44  Phoenix  
  83  5:47  Pylon  
  85  5:51  Colossus (Chrono Boost)  
  85  5:56  Observer  
  91  6:01  Stalker  
  81  6:07  Probe (Chrono Boost)  
  81  6:10  Zealot  
  81  6:13  Probe (Chrono Boost)  
  81  6:18  Probe x2 (Chrono Boost)  
  83  6:23  Probe (Chrono Boost)  
  83  6:24  Twilight Council  
  85  6:26  Probe (Chrono Boost)  
  85  6:32  Probe  
  87  6:33  Forge  
  87  6:36  Probe  
  87  6:38  Probe  
  88  6:43  Colossus  
  88  6:44  Probe  
  95  6:48  Probe  
  95  6:51  Probe  
  97  6:56  Probe, Pylon  
  97  7:00  Probe  
  99  7:03  Probe  
  100  7:08  Probe  
  100  7:12  Protoss Ground Weapons Level 1, Probe  
  100  7:15  Probe (Chrono Boost)  
  101  7:17  Zealot x2  
  101  7:21  Charge (Chrono Boost)  
  106  7:23  Probe (Chrono Boost)  
  106  7:28  Probe (Chrono Boost)  
  108  7:35  Gateway  
  108  7:36  Templar Archives  
  109  7:37  Gateway, Probe (Chrono Boost), Warp Prism (Chrono Boost)  
  109  7:38  Probe (Chrono Boost)  
  109  7:39  Observer  
  111  7:44  Zealot x2  
  116  7:51  Gateway  
  116  7:52  Gateway  
  116  7:55  Gateway  
  115  7:58  Observer  
  115  7:59  Gateway  
  115  8:03  Phoenix  
  117  8:08  Zealot x2  
  117  8:11  Disruptor (Chrono Boost)  
  124  8:16  Observer  
  124  8:19  Probe  
  123  8:32  Zealot  
  125  8:35  Pylon  
  125  8:39  Pylon  
  125  8:40  Pylon  
  125  8:42  Pylon  
  125  8:43  Observer  
  125  8:52  Nexus  
  125  8:53  Disruptor (Chrono Boost), Probe x3, Forge  
  125  8:55  Pylon  
  131  8:56  High Templar  
  131  8:58  High Templar x3  
  131  9:00  Zealot x4  
  131  9:02  Shield Battery, Archon  
  147  9:03  Archon  
  147  9:04  Pylon  
  145  9:20  Probe  
  145  9:22  Protoss Ground Armor Level 1 (Chrono Boost)  
  146  9:25  Disruptor (Chrono Boost)  
  146  9:28  Zealot x4  
  146  9:30  Probe  
  146  9:31  Protoss Ground Weapons Level 2 (Chrono Boost), Probe  
  159  9:34  Gateway  
  155  9:40  Gateway, Gravitic Drive  
  155  9:42  Probe  
  155  9:43  Probe  
  157  9:48  Zealot x5  
  157  9:51  Pylon  
  167  9:54  Disruptor  
  170  10:03  Photon Cannon, Probe  
  170  10:05  High Templar x2  
  170  10:06  Pylon, Zealot  
  177  10:08  Zealot x2  
  177  10:09  Archon  
  180  10:17  Zealot x3  
  186  10:28  Probe  
  187  10:36  Nexus  
  187  10:38  Pylon  
  187  10:39  Zealot x6  
  197  10:43  Zealot  
  193  10:53  Zealot x3  
  193  10:56  Disruptor (Chrono Boost)  
  180  11:01  Zealot x3  
  175  11:08  Zealot x3  
  168  11:20  Zealot x4  
  170  11:29  Pylon  
  143  12:04  Nexus  
  129  12:31  Zealot x9  
Tags
 
Add a new tag
Caveats
  • Supply blocks, unpowered buildings, or Contaminate may cause inaccurate times.
  • Supply counts are checked every 10 seconds.